 Dungeon Crawl Stone Soup version 0.26.1-11-gd32895ea62 (webtiles) character file.

Game seed: 2899675811861537875

88 bnorton916 the Insei (level 4, 0/33 HPs)
             Began as a Merfolk Transmuter on June 12, 2021.
             Shot with a stone by a goblin (5 damage)
             ... led by Robin
             ... on level 3 of the Dungeon.
             The game lasted 00:04:20 (2777 turns).

bnorton916 the Insei (Merfolk Transmuter)           Turns: 2777, Time: 00:04:21

Health: 0/33       AC:  2    Str: 10    XL:     4   Next: 53%
Magic:  7/7        EV: 13    Int: 13    God:
Gold:   94         SH:  0    Dex: 14    Spells: 4/8 levels left

rFire    . . .     SeeInvis .     - Unarmed
rCold    . . .     Faith    .   (no shield)
rNeg     . . .     Spirit   .   a - +0 robe
rPois    .         Reflect  .   (helmet currently unavailable)
rElec    .         Harm     .   (no cloak)
rCorr    .         Rampage  .   (no gloves)
Will     .....                  (boots currently unavailable)
Stlth    +.........             (no amulet)
HPRegen  0.11/turn              (no ring)
MPRegen  0.10/turn              (no ring)

@: appendages (expiring)
A: change form in water, swift swim, stealthy swim, horns 2
a: End Transformation


You were on level 3 of the Dungeon.
You had grown temporary horns.
You visited 1 branch of the dungeon, and saw 3 of its levels.

You collected 94 gold pieces.

Inventory:

Missiles
 l - 7 silver boomerangs
Armour
 a - a +0 robe (worn)
 h - a cursed +0 pair of boots (melded)
Jewellery
 n - an uncursed ring of ice
 o - an uncursed amulet of guardian spirit {unknown}
Scrolls
 c - 4 scrolls of identify {unknown}
 d - 2 scrolls of fear {unknown}
 g - 2 scrolls of magic mapping {unknown}
 j - a scroll of amnesia {unknown}
 k - a scroll of teleportation {unknown}
 m - a scroll of enchant armour {unknown}
Potions
 b - 2 potions of attraction {unknown}
 e - a potion of magic {unknown}
 f - a potion of haste {unknown}
 i - a potion of curing


   Skills:
 - Level 1.7 Fighting
 - Level 3.2 Dodging
 - Level 3.9 Unarmed Combat
 - Level 2.6 Spellcasting
 + Level 3.7 Transmutations
 + Level 1.2 Poison Magic


You had 4 spell levels left.
You knew the following spells:

 Your Spells              Type           Power        Failure   Level
a - Beastly Appendage     Tmut           22%          4%          1
b - Spider Form           Tmut/Pois      4%           26%         3

Your spell library contained the following spells:

 Spells                   Type           Power        Failure   Level
 Wereblood                Tmut           11%          8%          2
 Ice Form                 Ice/Tmut       6%           73%         4
 Blade Hands              Tmut           5%           80%         5


Dungeon Overview and Level Annotations

Branches:
Dungeon (3/15)

Altars:
Ashenzari

Annotations:
D:3 Robin


Innate Abilities, Weirdness & Mutations

You revert to your normal form in water.
You are very nimble and swift while swimming.
You are very stealthy in the water. (Stealth+)
You have a pair of horns on your head.


Message History

* * * LOW HITPOINT WARNING * * *
Robin barely misses you.
You hit Robin. You headbutt Robin, but do no damage.
Robin is heavily wounded.
The goblin unwields a +0 hunting sling.
The goblin wields a +0 vampiric dagger.
The goblin barely misses you. The goblin hits you with a +0 club.
* * * LOW HITPOINT WARNING * * *
Robin hits you with a +0 falchion.
* * * LOW HITPOINT WARNING * * *
The goblin no longer looks unusually strong.
Robin roars a battlecry!
The goblin goes into a battle-frenzy!
The goblin no longer looks unusually strong.
The goblin unwields a +0 vampiric dagger.
The goblin wields a +0 hunting sling.
The goblin shoots a stone.
The stone hits you but does no damage.
You see here a stone.
Your transformation is almost over.
The goblin shoots a stone.
The stone hits you.
You die...

######...#...##.####
####..#.#..##.#
####....#._)#†##.#####
.........#)#.........#
+.......#...##g###.#
#...(.......##g###.#.#
#......###............
#....B......(...####.#
#####......@g(..# .###.
.....####....(.####.....
#.###.####.....(.......#
....[........).....#
##.####..#..........#
#.####..#..........#
........#...####.###
...........# ...
###......# ....


You could see a worker ant (wandering), Robin and 2 goblins.

Vanquished Creatures
  3 adders
  2 worms (D:2)
  4 bats
  7 giant cockroaches
  11 goblins
  4 hobgoblins
  A quokka (D:3)
  3 frilled lizards (D:1)
  9 kobolds
  9 rats
53 creatures vanquished.

Notes
Turn   | Place    | Note
-------+----------+-------------------------------------------
     0 | D:1      | bnorton916 the Merfolk Transmuter began the quest for the
                  | Orb.
     0 | D:1      | Reached XP level 1. HP: 15/15 MP: 3/3
   341 | D:1      | Reached XP level 2. HP: 21/21 MP: 3/5
   612 | D:1      | You fall into a shaft and drop 1 floor!
   649 | D:2      | Noticed an ice beast
  1581 | D:2      | Reached XP level 3. HP: 16/27 MP: 4/6
  1804 | D:2      | Learned a level 3 spell: Spider Form
  2290 | D:2      | Found a broken altar of Ashenzari.
  2391 | D:2      | Reached XP level 4. HP: 33/33 MP: 5/7
  2517 | D:3      | Found a faded altar of an unknown god.
  2536 | D:3      | Reached skill level 1 in Poison Magic
  2603 | D:3      | Noticed Robin
  2777 | D:3      | Shot with a stone by a goblin

Illustrated notes

Levels and vault maps discovered:
D:1:      lemuel_arrival_tunnels, layout_basic
D:2:      layout_loops_ring, evilmike_ruin_ashenzari
D:3:      layout_basic, minitemple, chequers_ecumenical_altar_simple_redux,
          nicolae_ru_great_annihilating_truth, uniq_robin

Skill      XL: |  1  2  3  4 |
---------------+-------------+-----
Transmutations | 3 |  3.7
Dodging        | 3 |  3.2
Poison Magic   | 1 |  1.2
Fighting       | |  1.7
Unarmed Combat | |  3.9
Spellcasting   | |  2.6

Action                   |  1- 3 |  4- 6 || total
-------------------------+-------+-------++-------
Melee: Unarmed           |   135 |    45 ||   180
       Headbutt          |    10 |     7 ||    17
       Punch             |     3 |     1 ||     4
 Cast: Beastly Appendage |    24 |     6 ||    30
  Use: Potion            |     1 |       ||     1
 Stab: Sleeping          |     2 |       ||     2
Armor: Robe              |    25 |     9 ||    34
Dodge: Dodged            |   112 |    28 ||   140
